[Event "Live Chess"]
[Site "Chess.com"]
[Date "2011.01.15"]
[Round "-"]
[White "timdavid"]
[Black "hipposcottimus"]
[Result "1-0"]
[CurrentPosition "r4rk1/pppqb1pp/1n6/3n1N2/4pPQ1/8/PPPP2PP/RNB1K2R w KQ -"]
[Timezone "UTC"]
[ECO "C31"]
[ECOUrl "https://www.chess.com/openings/Kings-Gambit-Declined-Falkbeer-Accepted-Staunton-Line"]
[UTCDate "2011.01.15"]
[UTCTime "01:55:06"]
[WhiteElo "1406"]
[BlackElo "1352"]
[TimeControl "240+5"]
[Termination "timdavid won by resignation"]
[StartTime "01:55:06"]
[EndDate "2011.01.15"]
[EndTime "02:00:07"]
[Link "https://www.chess.com/game/live/87681685"]

1. e4 e5 2. f4 d5 3. exd5 e4 4. Qh5 Nf6 5. Bb5+ Bd7 6. Qe5+ Be7 7. Bxd7+ Nbxd7 8. Qg5 O-O 9. Ne2 Nb6 10. Ng3 Nfxd5 11. Qg4 f5 12. Nxf5 Qd7 1-0

[Event "Live Chess"]
[Site "Chess.com"]
[Date "2011.01.15"]
[Round "-"]
[White "hipposcottimus"]
[Black "jdavidson"]
[Result "0-1"]
[CurrentPosition "r1b1r1k1/5p1p/p3p1pb/4P3/1PBP1n1q/8/3Q2PP/RNB1NRK1 b - -"]
[Timezone "UTC"]
[ECO "B20"]
[ECOUrl "https://www.chess.com/openings/Sicilian-Defense"]
[UTCDate "2011.01.15"]
[UTCTime "01:50:01"]
[WhiteElo "1359"]
[BlackElo "1444"]
[TimeControl "300+2"]
[Termination "jdavidson won by resignation"]
[StartTime "01:50:01"]
[EndDate "2011.01.15"]
[EndTime "01:54:20"]
[Link "https://www.chess.com/game/live/87680539"]

1. e4 c5 2. Bb5 a6 3. Be2 e6 4. c3 Nf6 5. f3 g6 6. d4 d5 7. e5 Nfd7 8. f4 c4 9. Nf3 Bg7 10. b3 O-O 11. bxc4 Nb6 12. cxd5 Nxd5 13. Ba3 Re8 14. Qd2 Nc6 15. O-O Bh6 16. Ne1 Qh4 17. Bc1 b5 18. c4 bxc4 19. Bxc4 Ncb4 20. a3 Nxf4 21. axb4 0-1

[Event "Live Chess"]
[Site "Chess.com"]
[Date "2011.01.15"]
[Round "-"]
[White "devilchrist"]
[Black "hipposcottimus"]
[Result "0-1"]
[CurrentPosition "3r2k1/ppp2pp1/3q3p/3P3P/2P2Q2/8/5PPK/8 w - -"]
[Timezone "UTC"]
[ECO "C44"]
[ECOUrl "https://www.chess.com/openings/Kings-Pawn-Opening-Kings-Knight-Variation-2...Nc6"]
[UTCDate "2011.01.15"]
[UTCTime "01:43:27"]
[WhiteElo "1281"]
[BlackElo "1365"]
[TimeControl "60+5"]
[Termination "hipposcottimus won by resignation"]
[StartTime "01:43:27"]
[EndDate "2011.01.15"]
[EndTime "01:48:13"]
[Link "https://www.chess.com/game/live/87679110"]

1. e4 e5 2. Nf3 Nc6 3. a3 Nf6 4. Nc3 d5 5. exd5 Nxd5 6. Nxd5 Qxd5 7. b3 Bg4 8. Be2 e4 9. c4 Qf5 10. Nh4 Bxe2 11. Qxe2 Qf6 12. O-O Qxa1 13. Qxe4+ Be7 14. Nf5 O-O 15. Nxe7+ Nxe7 16. Qxe7 Rac8 17. h4 Rfe8 18. Qd7 Red8 19. Qe7 Rd3 20. h5 h6 21. Qe4 Rxb3 22. d4 Rb1 23. Qg4 Rd8 24. d5 Rxc1 25. Rxc1 Qxc1+ 26. Kh2 Qxa3 27. Qf4 Qd6 0-1

[Event "Live Chess"]
[Site "Chess.com"]
[Date "2011.01.15"]
[Round "-"]
[White "varunx"]
[Black "hipposcottimus"]
[Result "0-1"]
[CurrentPosition "r4bnr/2k2ppp/p7/N7/2P1p3/p1n1P3/P4PPP/1R1R2K1 w - -"]
[Timezone "UTC"]
[ECO "D00"]
[ECOUrl "https://www.chess.com/openings/Queens-Pawn-Opening-1...d5-2.e3-c5"]
[UTCDate "2011.01.15"]
[UTCTime "01:35:09"]
[WhiteElo "1272"]
[BlackElo "1365"]
[TimeControl "600"]
[Termination "hipposcottimus won by resignation"]
[StartTime "01:35:09"]
[EndDate "2011.01.15"]
[EndTime "01:42:12"]
[Link "https://www.chess.com/game/live/87677146"]

1. d4 d5 2. e3 c5 3. dxc5 e5 4. b4 b6 5. Bb5+ Bd7 6. Bxd7+ Qxd7 7. c3 bxc5 8. Ba3 Na6 9. Nf3 cxb4 10. Nxe5 Qe6 11. Qa4+ Kd8 12. Nc6+ Kc7 13. Nd4 Qe4 14. Qa5+ Kd7 15. Qb5+ Kd8 16. O-O Nc7 17. Nc6+ Kc8 18. Nd2 Nxb5 19. Nxe4 bxa3 20. Rab1 Kc7 21. Na5 a6 22. Rfd1 dxe4 23. c4 Nc3 0-1

[Event "Live Chess"]
[Site "Chess.com"]
[Date "2011.01.15"]
[Round "-"]
[White "chi11go22rin33"]
[Black "hipposcottimus"]
[Result "1-0"]
[CurrentPosition "1r4nr/p2k1p1p/3b1n2/3pBN2/4p3/P3P3/2PP1PPP/RN2K2R w KQ -"]
[Timezone "UTC"]
[ECO "A00"]
[ECOUrl "https://www.chess.com/openings/Polish-Opening-Bugayev-Attack-2...d5-3.Bb2"]
[UTCDate "2011.01.15"]
[UTCTime "01:29:14"]
[WhiteElo "1200"]
[BlackElo "1359"]
[TimeControl "360"]
[Termination "chi11go22rin33 won by resignation"]
[StartTime "01:29:14"]
[EndDate "2011.01.15"]
[EndTime "01:33:58"]
[Link "https://www.chess.com/game/live/87675855"]

1. b4 e5 2. a3 d5 3. Bb2 d4 4. Nf3 Nd7 5. e3 c5 6. bxc5 e4 7. Nxd4 Bxc5 8. Nf5 Ndf6 9. Bb5+ Bd7 10. Qe2 Bc6 11. Qc4 Qd5 12. Bxc6+ bxc6 13. Qxd5 cxd5 14. Nxg7+ Kd7 15. Nf5 Rb8 16. Be5 Bd6 1-0

[Event "Live Chess"]
[Site "Chess.com"]
[Date "2011.01.15"]
[Round "-"]
[White "normistoo"]
[Black "hipposcottimus"]
[Result "0-1"]
[CurrentPosition "1r4k1/5ppp/4p3/b2p4/3P4/1r1RPP2/6P1/7K w - -"]
[Timezone "UTC"]
[ECO "D10"]
[ECOUrl "https://www.chess.com/openings/Slav-Defense-3.e3"]
[UTCDate "2011.01.15"]
[UTCTime "00:11:42"]
[WhiteElo "1213"]
[BlackElo "1359"]
[TimeControl "720"]
[Termination "hipposcottimus won by resignation"]
[StartTime "00:11:42"]
[EndDate "2011.01.15"]
[EndTime "00:22:45"]
[Link "https://www.chess.com/game/live/87657772"]

1. d4 d5 2. c4 c6 3. e3 Nd7 4. Nc3 e6 5. Nf3 Ngf6 6. cxd5 cxd5 7. Bb5 Be7 8. Ne5 O-O 9. Nxd7 Bxd7 10. Bxd7 Qxd7 11. O-O Bd6 12. Qa4 Qc7 13. Nb5 Qb8 14. Bd2 Bxh2+ 15. Kh1 a6 16. Nc3 b5 17. Qa5 b4 18. Na4 Ne4 19. Bxb4 Bc7 20. Bd6 Bxd6 21. b3 Rc8 22. Nb6 Bc7 23. Nd7 Bxa5 24. Nxb8 Raxb8 25. f3 Bc3 26. Rac1 Nd2 27. Rfd1 Nxb3 28. axb3 Rxb3 29. Rd3 a5 30. Ra1 Rcb8 31. Rxa5 Bxa5 0-1

[Event "Live Chess"]
[Site "Chess.com"]
[Date "2011.01.14"]
[Round "-"]
[White "hipposcottimus"]
[Black "ricardoconvers"]
[Result "1-0"]
[CurrentPosition "6k1/4N1P1/3p1pK1/p2P4/8/1p6/P2b4/8 b - -"]
[Timezone "UTC"]
[ECO "B21"]
[ECOUrl "https://www.chess.com/openings/Sicilian-Defense-Smith-Morra-Gambit-2...cxd4"]
[UTCDate "2011.01.14"]
[UTCTime "23:53:53"]
[WhiteElo "1354"]
[BlackElo "1390"]
[TimeControl "420"]
[Termination "hipposcottimus won by checkmate"]
[StartTime "23:53:53"]
[EndDate "2011.01.15"]
[EndTime "00:04:26"]
[Link "https://www.chess.com/game/live/87653537"]

1. e4 c5 2. d4 cxd4 3. Bd3 Nc6 4. c3 dxc3 5. Nxc3 e6 6. Nge2 Bb4 7. O-O Be7 8. f4 b6 9. f5 Bb7 10. Ng3 Ne5 11. Bf4 d6 12. Bb5+ Bc6 13. Bxe5 Bxb5 14. Bxg7 Bxf1 15. Qxf1 Bf6 16. Qb5+ Qd7 17. Qxd7+ Kxd7 18. fxe6+ Kxe6 19. Bxh8 Bxh8 20. Nd5 Rd8 21. Kf2 Bxb2 22. Rb1 Bd4+ 23. Kf3 Nf6 24. Nf4+ Ke7 25. Nf5+ Kf8 26. Nd5 Be5 27. g3 Nxd5 28. exd5 f6 29. Rc1 Rd7 30. Rc8+ Kf7 31. h4 h5 32. g4 hxg4+ 33. Kxg4 a5 34. Kh5 Bf4 35. Kg4 Bd2 36. h5 b5 37. h6 Kg6 38. Rg8+ Kh7 39. Rg7+ Rxg7+ 40. hxg7 Kg8 41. Kh5 b4 42. Kg6 b3 43. Ne7# 1-0

[Event "Live Chess"]
[Site "Chess.com"]
[Date "2011.01.14"]
[Round "-"]
[White "hipposcottimus"]
[Black "John_Dee"]
[Result "0-1"]
[CurrentPosition "3r1r1k/R4p1p/2p4p/8/4q3/2P5/5PPP/5RK1 w - -"]
[Timezone "UTC"]
[ECO "C58"]
[ECOUrl "https://www.chess.com/openings/Italian-Game-Knight-Attack-Polerio-Bishop-Check-Line-6...c6-7.dxc6"]
[UTCDate "2011.01.14"]
[UTCTime "23:43:43"]
[WhiteElo "1345"]
[BlackElo "1501"]
[TimeControl "600"]
[Termination "John_Dee won on time"]
[StartTime "23:43:43"]
[EndDate "2011.01.14"]
[EndTime "23:51:41"]
[Link "https://www.chess.com/game/live/87649423"]

1. e4 e5 2. Nf3 Nc6 3. Bc4 Nf6 4. Ng5 d5 5. exd5 Na5 6. Bb5+ c6 7. dxc6 Nxc6 8. Nc3 Bb4 9. Bxc6+ bxc6 10. O-O O-O 11. Nge4 Bf5 12. Qf3 Bxc3 13. Qxf5 Nxe4 14. dxc3 Qd5 15. Qg4 Nf6 16. Qg3 Rad8 17. Bh6 Nh5 18. Qg4 e4 19. Rad1 Qxa2 20. Qxh5 gxh6 21. Ra1 Qxb2 22. Rxa7 Qxc2 23. Qg4+ Kh8 24. Qxe4 Qxe4 0-1

[Event "Live Chess"]
[Site "Chess.com"]
[Date "2011.01.14"]
[Round "-"]
[White "hipposcottimus"]
[Black "Polinik07"]
[Result "1-0"]
[CurrentPosition "8/6p1/5k1p/PNn5/8/4R3/6PP/6K1 w - -"]
[Timezone "UTC"]
[ECO "C51"]
[ECOUrl "https://www.chess.com/openings/Giuoco-Piano-Game-Evans-Accepted-McDonnell-Defense-6.O-O-d6-7.d4-exd4"]
[UTCDate "2011.01.14"]
[UTCTime "23:26:16"]
[WhiteElo "1350"]
[BlackElo "1171"]
[TimeControl "540"]
[Termination "hipposcottimus won by resignation"]
[StartTime "23:26:16"]
[EndDate "2011.01.14"]
[EndTime "23:36:02"]
[Link "https://www.chess.com/game/live/87646602"]

1. e4 e5 2. Nf3 Nc6 3. Bc4 Bc5 4. b4 Bxb4 5. c3 Bc5 6. O-O d6 7. d4 exd4 8. cxd4 d5 9. dxc5 dxc4 10. Qxd8+ Kxd8 11. Ng5 Be6 12. Nc3 h6 13. Nxe6+ fxe6 14. f4 Nf6 15. f5 b6 16. fxe6 bxc5 17. Ba3 Re8 18. Bxc5 Rxe6 19. Rf4 Re5 20. Nd5 Nxe4 21. Rf8+ Re8 22. Rxe8+ Kxe8 23. Nxc7+ Kd7 24. Nxa8 Nxc5 25. Rc1 Ne5 26. Rd1+ Ke6 27. Nc7+ Ke7 28. Nd5+ Ke6 29. Nc7+ Ke7 30. Rd5 Ncd7 31. Nb5 Ke6 32. Rd6+ Ke7 33. Ra6 Ke8 34. Rxa7 Ke7 35. a4 Nc6 36. Rc7 Nb4 37. Rxc4 Nd5 38. a5 Ne3 39. Re4+ Kf6 40. Rxe3 Nc5 1-0

[Event "Live Chess"]
[Site "Chess.com"]
[Date "2011.01.14"]
[Round "-"]
[White "hipposcottimus"]
[Black "bulldogsbite"]
[Result "1-0"]
[CurrentPosition "1r3knr/7p/3Q4/1BpP4/4P3/P7/1P4PP/R4K2 b - -"]
[Timezone "UTC"]
[ECO "C41"]
[ECOUrl "https://www.chess.com/openings/Philidor-Defense"]
[UTCDate "2011.01.14"]
[UTCTime "23:21:25"]
[WhiteElo "1346"]
[BlackElo "1185"]
[TimeControl "480"]
[Termination "hipposcottimus won - game abandoned"]
[StartTime "23:21:25"]
[EndDate "2011.01.14"]
[EndTime "23:25:30"]
[Link "https://www.chess.com/game/live/87644767"]

1. e4 e5 2. Nf3 d6 3. c3 Bg4 4. d4 f6 5. Bc4 exd4 6. cxd4 Bxf3 7. Qxf3 c6 8. d5 c5 9. Nc3 a6 10. a3 b5 11. Be2 g5 12. Nxb5 axb5 13. Bxb5+ Nd7 14. Qh5+ Ke7 15. f4 Bh6 16. fxg5 fxg5 17. Bxg5+ Bxg5 18. Qxg5+ Ke8 19. Qg7 Qf6 20. Qxd7+ Kf8 21. Rf1 Qxf1+ 22. Kxf1 Rb8 23. Qxd6+ 1-0

[Event "Live Chess"]
[Site "Chess.com"]
[Date "2011.01.14"]
[Round "-"]
[White "bulldogsbite"]
[Black "hipposcottimus"]
[Result "0-1"]
[CurrentPosition "8/P1p1k3/8/q3b3/8/1K6/7P/8 b - -"]
[Timezone "UTC"]
[ECO "C50"]
[ECOUrl "https://www.chess.com/openings/Italian-Game"]
[UTCDate "2011.01.14"]
[UTCTime "23:10:34"]
[WhiteElo "1190"]
[BlackElo "1341"]
[TimeControl "480"]
[Termination "hipposcottimus won by resignation"]
[StartTime "23:10:34"]
[EndDate "2011.01.14"]
[EndTime "23:18:06"]
[Link "https://www.chess.com/game/live/87642485"]

1. e4 e5 2. Bc4 Nc6 3. Nf3 Nf6 4. d3 d5 5. Bg5 dxc4 6. Bxf6 Qxf6 7. dxc4 Bg4 8. Nbd2 Nd4 9. c3 Nxf3+ 10. Nxf3 Bxf3 11. gxf3 Bd6 12. Qd3 O-O-O 13. O-O-O Bc5 14. Qc2 Qf4+ 15. Kb1 Qxf3 16. b4 Bxf2 17. Rhf1 Rxd1+ 18. Rxd1 Bh4 19. c5 g6 20. a4 f5 21. exf5 gxf5 22. a5 a6 23. c4 e4 24. b5 Be7 25. bxa6 bxa6 26. c6 e3 27. Qb2 Qxd1+ 28. Ka2 Qa4+ 29. Kb1 Qxc6 30. Qxh8+ Kb7 31. Qb2+ Kc8 32. Qh8+ Kd7 33. Qxh7 Qxc4 34. Qxf5+ Qe6 35. Qd3+ Bd6 36. Qxa6 e2 37. Qb5+ Ke7 38. a6 e1=Q+ 39. Kb2 Q6e5+ 40. Qxe5+ Bxe5+ 41. Kb3 Qa5 42. a7 0-1

[Event "Live Chess"]
[Site "Chess.com"]
[Date "2011.01.14"]
[Round "-"]
[White "hipposcottimus"]
[Black "bulldogsbite"]
[Result "0-1"]
[CurrentPosition "8/5k2/8/6Bp/3K2rP/4p3/8/8 w - -"]
[Timezone "UTC"]
[ECO "C41"]
[ECOUrl "https://www.chess.com/openings/Philidor-Defense-3.d4"]
[UTCDate "2011.01.14"]
[UTCTime "22:53:11"]
[WhiteElo "1336"]
[BlackElo "1195"]
[TimeControl "480"]
[Termination "bulldogsbite won on time"]
[StartTime "22:53:11"]
[EndDate "2011.01.14"]
[EndTime "23:09:23"]
[Link "https://www.chess.com/game/live/87638101"]

1. e4 e5 2. Nf3 d6 3. d4 f6 4. dxe5 dxe5 5. Qxd8+ Kxd8 6. Be3 g5 7. Nfd2 Bb4 8. c3 Bd6 9. Nc4 Be6 10. Nbd2 Ne7 11. O-O-O a6 12. g3 b5 13. Nxd6 cxd6 14. Bb6+ Ke8 15. f4 gxf4 16. gxf4 Nc8 17. Be3 Bg4 18. Re1 Nd7 19. h4 h5 20. fxe5 fxe5 21. Be2 Nf6 22. c4 Bxe2 23. Rxe2 Ng4 24. Bg5 Ne7 25. cxb5 axb5 26. Nb3 Rxa2 27. Kb1 Ra7 28. Rc2 Ra8 29. Rd1 Kf7 30. Rxd6 Rac8 31. Rcd2 Ng6 32. Rd7+ Kg8 33. R2d6 Nf4 34. Rb6 Rh7 35. Rdd6 Ne3 36. Rxb5 Nc4 37. Rd8+ Rxd8 38. Bxd8 Rd7 39. Rb8 Kf7 40. Bg5 Nd2+ 41. Kc2 Nxb3 42. Kxb3 Rd4 43. Rb5 Rxe4 44. Ka2 Nd3 45. b4 Nxb4+ 46. Ka3 Nc2+ 47. Kb3 Nd4+ 48. Kc4 Nxb5+ 49. Kxb5 Rg4 50. Kc5 e4 51. Kd4 e3+ 0-1

[Event "Live Chess"]
[Site "Chess.com"]
[Date "2011.01.14"]
[Round "-"]
[White "bulldogsbite"]
[Black "hipposcottimus"]
[Result "0-1"]
[CurrentPosition "r1b1kb1r/pp3ppp/8/3P4/4p3/P1q5/2P2PPP/R2QK1NR w KQkq -"]
[Timezone "UTC"]
[ECO "C23"]
[ECOUrl "https://www.chess.com/openings/Bishops-Opening-2...Nc6-3.d3-Nf6"]
[UTCDate "2011.01.14"]
[UTCTime "22:49:38"]
[WhiteElo "1182"]
[BlackElo "1347"]
[TimeControl "480"]
[Termination "hipposcottimus won by resignation"]
[StartTime "22:49:38"]
[EndDate "2011.01.14"]
[EndTime "22:52:15"]
[Link "https://www.chess.com/game/live/87637296"]

1. e4 e5 2. Bc4 Nc6 3. d3 Nf6 4. Bg5 Na5 5. Bxf6 Qxf6 6. Nf3 Nxc4 7. dxc4 c6 8. a3 d5 9. cxd5 cxd5 10. exd5 e4 11. Ng1 Qxb2 12. Nc3 Qxc3+ 0-1

[Event "Live Chess"]
[Site "Chess.com"]
[Date "2011.01.14"]
[Round "-"]
[White "rogerbonnie10"]
[Black "hipposcottimus"]
[Result "1-0"]
[CurrentPosition "4Q1kr/7p/1p2N1p1/p3bp2/8/7R/q1P3P1/3R3K b - -"]
[Timezone "UTC"]
[ECO "D02"]
[ECOUrl "https://www.chess.com/openings/Queens-Pawn-Opening-Krause-Variation"]
[UTCDate "2011.01.14"]
[UTCTime "21:59:18"]
[WhiteElo "1373"]
[BlackElo "1342"]
[TimeControl "600"]
[Termination "rogerbonnie10 won by checkmate"]
[StartTime "21:59:18"]
[EndDate "2011.01.14"]
[EndTime "22:17:54"]
[Link "https://www.chess.com/game/live/87623143"]

1. d4 d5 2. Nf3 c5 3. Bf4 cxd4 4. Nxd4 f6 5. e3 e5 6. Bb5+ Bd7 7. Ne6 Qe7 8. Nc7+ Kf7 9. Qxd5+ Kg6 10. Bd3+ Bf5 11. Bxf5+ Kxf5 12. Nxa8 Qb4+ 13. Nd2 Qxb2 14. O-O Ne7 15. e4+ Kg6 16. Qb3 Qd4 17. Be3 Qd7 18. f4 exf4 19. Bxf4 Nbc6 20. Qg3+ Kf7 21. Nf3 Ng6 22. Nc7 Bc5+ 23. Kh1 Nxf4 24. Qxf4 Bd6 25. e5 Bxc7 26. Ng5+ Kg6 27. Nf3 Nxe5 28. Nh4+ Kf7 29. Rad1 Qe6 30. Qb4 b6 31. Nf5 a5 32. Qb5 Kg6 33. Nd4 Qxa2 34. h4 Ng4 35. Qf5+ Kf7 36. Qxg4 Be5 37. Qd7+ Kg6 38. h5+ Kxh5 39. Qf5+ Kh6 40. Rf3 g6 41. Rh3+ Kg7 42. Qd7+ Kg8 43. Ne6 f5 44. Qe8# 1-0

[Event "Live Chess"]
[Site "Chess.com"]
[Date "2011.01.14"]
[Round "-"]
[White "hipposcottimus"]
[Black "Berlig"]
[Result "0-1"]
[CurrentPosition "r3k2r/1p1nnpp1/p1p1p2p/q2pP3/2PP1Pb1/5N2/P3B1PP/R2Q1RK1 w kq -"]
[Timezone "UTC"]
[ECO "B07"]
[ECOUrl "https://www.chess.com/openings/Pirc-Defense-2.d4-c6-3.c4"]
[UTCDate "2011.01.14"]
[UTCTime "21:47:42"]
[WhiteElo "1350"]
[BlackElo "1424"]
[TimeControl "480"]
[Termination "Berlig won on time"]
[StartTime "21:47:42"]
[EndDate "2011.01.14"]
[EndTime "21:49:34"]
[Link "https://www.chess.com/game/live/87617893"]

1. e4 d6 2. d4 c6 3. c4 a6 4. b4 h6 5. f4 Bd7 6. Nf3 Bg4 7. Be2 e6 8. e5 d5 9. O-O Bxb4 10. Bd2 Bxd2 11. Nbxd2 Ne7 12. Nb3 Nd7 13. Na5 Qxa5 0-1

[Event "Live Chess"]
[Site "Chess.com"]
[Date "2011.01.14"]
[Round "-"]
[White "Dizer33"]
[Black "hipposcottimus"]
[Result "0-1"]
[CurrentPosition "2rqr1k1/p4ppp/1p6/3b4/1P1nP3/P2P1P2/2P2KPP/R1B2R2 w - -"]
[Timezone "UTC"]
[ECO "C20"]
[ECOUrl "https://www.chess.com/openings/Kings-Pawn-Opening-Wayward-Queen-Kiddie-Countergambit"]
[UTCDate "2011.01.14"]
[UTCTime "21:29:47"]
[WhiteElo "1393"]
[BlackElo "1357"]
[TimeControl "300+5"]
[Termination "hipposcottimus won by resignation"]
[StartTime "21:29:47"]
[EndDate "2011.01.14"]
[EndTime "21:36:45"]
[Link "https://www.chess.com/game/live/87614012"]

1. e4 e5 2. Qh5 Nf6 3. Qxe5+ Be7 4. Nc3 O-O 5. Bc4 d5 6. Bxd5 Bd6 7. Qd4 c5 8. Qd3 Re8 9. Nf3 Nc6 10. a3 Ne5 11. Nxe5 Bxe5 12. f3 Bd4 13. b4 Bxc3 14. Qxc3 Nxd5 15. Qxc5 b6 16. Qc6 Rb8 17. O-O Bb7 18. Qc4 Nf4 19. d3 Rc8 20. Qb3 Ne2+ 21. Kf2 Nd4 22. Qd5 Bxd5 0-1

[Event "Live Chess"]
[Site "Chess.com"]
[Date "2011.01.14"]
[Round "-"]
[White "cronopio53"]
[Black "hipposcottimus"]
[Result "1/2-1/2"]
[CurrentPosition "4k3/4P3/1N3KN1/2B5/8/8/8/8 b - -"]
[Timezone "UTC"]
[ECO "D00"]
[ECOUrl "https://www.chess.com/openings/Queens-Pawn-Opening-1...d5-2.e3-c5"]
[UTCDate "2011.01.14"]
[UTCTime "21:07:07"]
[WhiteElo "1336"]
[BlackElo "1348"]
[TimeControl "600"]
[Termination "Game drawn by stalemate"]
[StartTime "21:07:07"]
[EndDate "2011.01.14"]
[EndTime "21:26:06"]
[Link "https://www.chess.com/game/live/87607883"]

1. d4 d5 2. e3 c5 3. dxc5 e5 4. b4 b6 5. cxb6 Qxb6 6. Qxd5 Qxb4+ 7. Bd2 Bb7 8. Qxe5+ Qe7 9. Qxe7+ Bxe7 10. Bb5+ Bc6 11. Bxc6+ Nxc6 12. Nf3 Bb4 13. c3 Bd6 14. O-O Nf6 15. a3 O-O 16. c4 Ng4 17. g3 f5 18. h3 Nf6 19. Nc3 h6 20. a4 g5 21. Nb5 Bb8 22. Bc3 Kh7 23. Nh2 Ne4 24. Be1 f4 25. gxf4 gxf4 26. f3 Ng5 27. e4 Nxh3+ 28. Kg2 Ng5 29. Rd1 Rg8 30. Kh1 Rg6 31. Rd7+ Kg8 32. Bh4 a6 33. Nc3 Ba7 34. Ne2 Be3 35. Ng4 Bd2 36. Rxd2 Nb4 37. Nxf4 Rg7 38. Nxh6+ Kh7 39. Ng4 Nc6 40. Rh2 Kg8 41. Nf6+ Kf7 42. N4h5 Rg6 43. Rg1 Nxf3 44. Rxg6 Kxg6 45. Rh3 Nce5 46. Kg2 Re8 47. Rxf3 Nxf3 48. Kf2 Rf8 49. Kxf3 Rc8 50. Kf4 Rxc4 51. Ng3 Rxa4 52. Nd5 a5 53. Ke3 Ra3+ 54. Kf4 Ra4 55. Ke3 Rc4 56. Kd2 a4 57. Be7 a3 58. Bxa3 Kg5 59. Kd3 Ra4 60. Be7+ Kg4 61. Ne2 Ra3+ 62. Bxa3 Kg5 63. e5 Kg6 64. Ke4 Kf7 65. Kf5 Ke8 66. Nef4 Kd7 67. Ng6 Ke8 68. e6 Kd8 69. Kf6 Ke8 70. e7 Kd7 71. Nb6+ Ke8 72. Bc5 1/2-1/2

[Event "Live Chess"]
[Site "Chess.com"]
[Date "2011.01.14"]
[Round "-"]
[White "hipposcottimus"]
[Black "workallday"]
[Result "0-1"]
[CurrentPosition "5rk1/p4pp1/2p4p/1p6/4n1R1/1P2NB1Q/6PP/4q2K w - -"]
[Timezone "UTC"]
[ECO "C41"]
[ECOUrl "https://www.chess.com/openings/Philidor-Defense-3.d4-Bg4-4.dxe5"]
[UTCDate "2011.01.14"]
[UTCTime "20:38:23"]
[WhiteElo "1348"]
[BlackElo "1257"]
[TimeControl "120+12"]
[Termination "workallday won on time"]
[StartTime "20:38:23"]
[EndDate "2011.01.14"]
[EndTime "20:47:15"]
[Link "https://www.chess.com/game/live/87598930"]

1. e4 e5 2. Nf3 d6 3. d4 Bg4 4. dxe5 Bxf3 5. Qxf3 Nf6 6. Nc3 dxe5 7. Bg5 Be7 8. Bb5+ c6 9. Rd1 Nbd7 10. Bc4 Qa5 11. Bxf6 Bxf6 12. Qd3 Rd8 13. O-O O-O 14. Qh3 Nb6 15. Be2 Rxd1 16. Rxd1 h6 17. Rf1 Na4 18. Nd1 b5 19. f4 exf4 20. b3 Nc5 21. Rxf4 Qxa2 22. Qg3 Bg5 23. Rg4 Nxe4 24. Qh3 Qxc2 25. Bf3 Be3+ 26. Nxe3 Qf2+ 27. Kh1 Qe1+ 0-1

[Event "Live Chess"]
[Site "Chess.com"]
[Date "2011.01.14"]
[Round "-"]
[White "hipposcottimus"]
[Black "xOverLoadx"]
[Result "0-1"]
[CurrentPosition "6k1/3b1pBp/1p3Pp1/p1bpr2r/5R2/1P1p2P1/P1B4P/2R3K1 w - -"]
[Timezone "UTC"]
[ECO "C41"]
[ECOUrl "https://www.chess.com/openings/Philidor-Defense-Exchange-Variation-4.Nxd4"]
[UTCDate "2011.01.14"]
[UTCTime "20:03:50"]
[WhiteElo "1358"]
[BlackElo "1309"]
[TimeControl "600"]
[Termination "xOverLoadx won on time"]
[StartTime "20:03:50"]
[EndDate "2011.01.14"]
[EndTime "20:18:13"]
[Link "https://www.chess.com/game/live/87588553"]

1. e4 e5 2. Nf3 d6 3. d4 exd4 4. Nxd4 Bd7 5. Be3 Nc6 6. c3 Nf6 7. Nd2 Be7 8. f4 O-O 9. Be2 Nxd4 10. cxd4 d5 11. e5 Ne4 12. Bf3 Nxd2 13. Qxd2 a5 14. O-O Bb4 15. Qc2 c6 16. Be2 Qc8 17. Bd3 g6 18. f5 b6 19. f6 c5 20. b3 cxd4 21. Bh6 Re8 22. Qf2 Bc5 23. Qh4 Rxe5 24. Bg7 Qc7 25. Rac1 Rh5 26. Qf4 Qxf4 27. Rxf4 Re8 28. Bc2 Ree5 29. g3 d3+ 0-1

[Event "Live Chess"]
[Site "Chess.com"]
[Date "2011.01.14"]
[Round "-"]
[White "mahloves"]
[Black "hipposcottimus"]
[Result "0-1"]
[CurrentPosition "r4rk1/p1p3p1/1bp5/3bpp2/7B/3P4/PPP1N2P/R4R1K w - -"]
[Timezone "UTC"]
[ECO "C62"]
[ECOUrl "https://www.chess.com/openings/Ruy-Lopez-Opening-Old-Steinitz-Defense-4.Bxc6"]
[UTCDate "2011.01.14"]
[UTCTime "19:44:12"]
[WhiteElo "1334"]
[BlackElo "1358"]
[TimeControl "600"]
[Termination "hipposcottimus won by resignation"]
[StartTime "19:44:12"]
[EndDate "2011.01.14"]
[EndTime "19:51:41"]
[Link "https://www.chess.com/game/live/87583714"]

1. e4 e5 2. Nf3 Nc6 3. Bb5 d6 4. Bxc6+ bxc6 5. O-O Ne7 6. d3 Ng6 7. g3 d5 8. Nh4 Nxh4 9. gxh4 Qxh4 10. Qf3 Be6 11. Qg3 Qf6 12. f3 Bc5+ 13. Kh1 O-O 14. Nc3 Bd4 15. Ne2 Bb6 16. Bg5 Qg6 17. Be7 Rfe8 18. Bh4 dxe4 19. fxe4 f5 20. Qxg6 hxg6 21. Ng3 Rf8 22. exf5 gxf5 23. Ne2 Bd5+ 0-1

[Event "Live Chess"]
[Site "Chess.com"]
[Date "2011.01.14"]
[Round "-"]
[White "JoeLefors"]
[Black "hipposcottimus"]
[Result "0-1"]
[CurrentPosition "r4rk1/p5pp/1p6/3p2Q1/4p3/N1Nq1b2/6BK/8 w - -"]
[Timezone "UTC"]
[ECO "D02"]
[ECOUrl "https://www.chess.com/openings/Queens-Pawn-Opening-Krause-Variation-3.dxc5-e6"]
[UTCDate "2011.01.14"]
[UTCTime "19:28:55"]
[WhiteElo "1236"]
[BlackElo "1350"]
[TimeControl "240+2"]
[Termination "hipposcottimus won on time"]
[StartTime "19:28:55"]
[EndDate "2011.01.14"]
[EndTime "19:37:33"]
[Link "https://www.chess.com/game/live/87579616"]

1. d4 d5 2. Nf3 c5 3. dxc5 e6 4. b4 b6 5. Qd4 Nc6 6. Qd3 Nxb4 7. Qb5+ Bd7 8. Qxb4 Bxc5 9. Qd2 Nf6 10. g3 O-O 11. Bg2 Ne4 12. Qf4 Bxf2+ 13. Kd1 Bc5 14. Be3 Qe7 15. Bxc5 Qxc5 16. Nfd2 Nf2+ 17. Ke1 Nxh1 18. Qf1 Nxg3 19. hxg3 Qxc2 20. Na3 Qb2 21. Ndb1 Qxa1 22. Kf2 Qxa2 23. Bf3 e5 24. g4 e4 25. Bg2 Bc8 26. Kg3 f5 27. gxf5 Bxf5 28. Qc1 Qxe2 29. Kh2 Bg4 30. Qg5 Bf3 31. Nc3 Qd3 0-1